 Dungeon Crawl Stone Soup version 0.25-a0-24-g72dcfe0359 (webtiles) character file.

Game seed: 9048020165987270743, levelgen mode: deterministic

23001 Johnny the Geomancer (level 12, -1/104 HPs)
             Began as a Demigod Earth Elementalist on Oct 17, 2019.
             Slain by a skeletal warrior
             ... wielding a +0 short sword
             ... led by a skeletal warrior
              (6 damage)
             ... while petrified by Jorgrun
             ... on level 12 of the Dungeon.
             The game lasted 00:20:31 (13862 turns).

Johnny the Geomancer (Demigod Earth Elementalist)  Turns: 13862, Time: 00:20:32

Health: -1/104     AC: 14    Str: 11    XL:     12   Next: 35%
Magic:  29/29      EV:  2    Int: 31    God:
Gold:   168        SH:  0    Dex: 16    Spells: 9/28 levels left

rFire    + . .     SeeInvis +   C - +4 quarterstaff of Munum {freeze, +Rage rPois rF++ rC- Int+4}
rCold    . . .     Gourm    .   (shield currently unavailable)
rNeg     + + +     Faith    .   S - +1 leather armour "Fumuhas" {Regen+ SInv}
rPois    ∞         Spirit   .   h - +1 hat
rElec    .         Reflect  .   y - +1 cloak
rCorr    +         Harm     .   V - +2 pair of gloves
MR       +....                  N - +0 pair of boots of Xiobadicw {+Inv rCorr}
Stlth    ++........             F - amulet of rage
HPRegen  0.67/turn              i - +3 ring of protection
MPRegen  0.21/turn              d - ring of ice

@: petrified
A: high mp 1
a: Evoke Berserk Rage, Evoke Invisibility


You were on level 12 of the Dungeon.
You were not hungry.

You visited 1 branch of the dungeon, and saw 14 of its levels.

You collected 738 gold pieces.
You spent 570 gold pieces at shops.

Inventory:

Hand Weapons
 C - the +4 quarterstaff of Munum (weapon) {freeze, +Rage rPois rF++ rC- Int+4}
   (You found it on level 4 of the Dungeon)

   It has been specially enchanted to freeze those struck by it, causing extra
   injury to most foes and up to half again as much damage against particularly
   susceptible opponents.
   It can also slow down cold-blooded creatures.
   It affects your intelligence (+4).
   It greatly protects you from fire.
   It makes you vulnerable to cold.
   It protects you from poison.
   It lets you go berserk.
Missiles
 z - 173 stones (quivered)
Armour
 h - a +1 hat (worn)
 y - a +1 cloak (worn)
 N - the +0 pair of boots of Xiobadicw (worn) {+Inv rCorr}
   (You found it on level 8 of the Dungeon)

   It lets you turn invisible.
   It provides partial protection from all sources of acid and corrosion.
 S - the +1 leather armour "Fumuhas" (worn) {Regen+ SInv}
   (You found it on level 11 of the Dungeon)

   It lets you see invisible.
   It increases your rate of regeneration.
 V - a +2 pair of gloves (worn)
Magical Staves
 O - an uncursed staff of summoning {unknown}
 Q - an uncursed staff of cold {unknown}
Jewellery
 d - a ring of ice (right hand)
 f - an uncursed ring of positive energy
 i - a +3 ring of protection (left hand)
 k - a +3 ring of intelligence {unknown}
 D - an uncursed ring of poison resistance
 F - an amulet of rage (around neck)
 G - an uncursed ring of fire {unknown}
 T - an uncursed ring of ice
 U - an uncursed ring of stealth {unknown}
Wands
 c - a wand of polymorph (5)
 v - a wand of disintegration (8)
 B - a wand of paralysis (6)
 J - a wand of enslavement (22)
Scrolls
 a - 4 scrolls of blinking
 b - 2 scrolls of vulnerability
 g - 6 scrolls of magic mapping
 n - 4 scrolls of remove curse
 r - 7 scrolls of teleportation
 t - 3 scrolls of amnesia
 u - 2 scrolls of enchant weapon
 x - a scroll of immolation
 E - 3 scrolls of fog
 I - 2 scrolls of silence
 L - a scroll of identify
 R - 2 scrolls of fear {unknown}
Potions
 j - 2 potions of lignification
 l - 2 potions of magic
 o - 3 potions of flight
 p - a potion of resistance {unknown}
 q - a potion of brilliance {unknown}
 s - a potion of might
 w - a potion of haste {unknown}
 A - 2 potions of cancellation
 H - a potion of berserk rage
 K - 3 potions of curing {unknown}
 M - 2 potions of heal wounds
Comestibles
 m - 15 rations


   Skills:
 + Level 9.1 Fighting
 + Level 8.2 Dodging
 - Level 1.7 Stealth
 + Level 8.6 Spellcasting
 - Level 0.8 Transmutations
 * Level 12.8 Earth Magic


You had 9 spell levels left.
You knew the following spells:

 Your Spells              Type           Power        Failure   Level  Hunger
a - Sandblast             Erth           ######       1%          1    None
b - Stone Arrow           Conj/Erth      ######       1%          3    None
c - Lee's Rapid Deconstr  Erth           #######...   1%          5    ####...
d - Petrify               Tmut/Erth      ######..     3%          4    None
e - Statue Form           Tmut/Erth      ######...    41%         6    #####..

Your spell library contained the following spells:

 Spells                   Type           Power        Failure   Level  Hunger
 Passwall                 Tmut/Erth      ######..     1%          2    None
 Irradiate                Conj/Tmut      ###.......   75%         5    ####...
 Hydra Form               Tmut           ###.......   99%         6    #####..
 Dragon Form              Tmut           ###.......   100%        7    #######


Dungeon Overview and Level Annotations

Branches:
Dungeon (14/15)            Temple (0/1) D:6            Lair (0/6) D:9
    Orc (0/2) D:9          Vaults (0/5) D:13

Shops:
D:3 *   D:8 }((*%   D:10 *(

Annotations:
D:12 Jorgrun


Innate Abilities, Weirdness & Mutations

You have an increased reservoir of magic. (+10% MP)


Message History

Your orc dissolves into shadows!
The skeletal warrior hits you but does no damage.
Your bullfrog skeleton hits the skeletal warrior but does no damage.
The skeletal warrior hits you with a +4 dire flail.
* * * LOW HITPOINT WARNING * * *
The skeletal warrior hits you with a +0 mace.
* * * LOW HITPOINT WARNING * * *
The skeletal warrior hits you but does no damage.
Your bullfrog skeleton shatters!!!
Your bullfrog skeleton is blown up!
The blast of bone shards hits the skeletal warrior!
The skeletal warrior hits you with a +0 mace!
* * * LOW HITPOINT WARNING * * *
The skeletal warrior hits you with a +4 dire flail!
* * * LOW HITPOINT WARNING * * *
You hear an angry hiss.
The skeletal warrior hits you with a +0 mace!
* * * LOW HITPOINT WARNING * * *
The skeletal warrior hits you with a +0 short sword!
You die...

..# ..###### #.....#
........ #.....#
........ +.....##
.......J
#......#...........
...#####
#......#..........# ...#
##......#..........#
...#
#.......+..........#
..c#
#..@z...#..........#
...# #.zzz...#..... ....
..#
.........##...o###.###
..............zoZZ.g....
...............#.Y.#.#..
.....###...........#.###
_.... ..#....'...#....
..... .......#...#....
.#....###.#...>


You could see 4 skeletal warriors.

Vanquished Creatures
  Josephine (D:13)
  Erolcha (D:9)
  A centaur warrior (D:12)
  2 two-headed ogres
  3 wizards (D:10)
  An obsidian statue (D:11)
  A necromancer (D:13)
  An ugly thing (D:13)
  An orc sorcerer (D:10)
  A cyclops (D:13)
  A manticore (D:13)
  Joseph (D:7)
  A gargoyle (D:11)
  3 trolls
  A blink frog (shapeshifter) (D:13)
  2 slime creatures (D:12)
  3 hippogriffs
  Sigmund (D:2)
  4 shadows
  A wyvern (D:8)
  5 wraiths (D:13)
  24 yaks
  A hungry ghost (D:13)
  3 vampire mosquitoes (D:13)
  A soldier ant (D:11)
  5 orc warriors
  A water moccasin (D:8)
  8 ice beasts
  2 eyes of draining
  2 phantoms
  2 sky beasts
  2 black bears
  5 ogres
  8 centaurs
  3 big kobolds
  A crocodile (D:10)
  8 bullfrogs
  4 scorpions
  11 killer bees
  11 wights
  3 vampire bats (D:2)
  A howler monkey (D:10)
  7 crimson imps
  13 orc priests
  3 centaur skeletons
  5 jellies
  Crazy Yiuf (D:2)
  2 bullfrog skeletons
  7 hounds
  10 orc wizards
  An iguana (D:10)
  11 worker ants
  A killer bee zombie (D:8)
  3 hound skeletons
  6 gnolls
  14 adders
  2 worker ant zombies
  3 shadow imps
  6 oozes
  An adder skeleton (D:7)
  2 worms
  2 dart slugs (D:1)
  4 leopard geckos
  49 orcs
  3 bat skeletons (D:2)
  3 bat zombies (D:2)
  6 giant cockroaches
  6 hobgoblins
  13 jackals
  11 quokkas
  8 bats
  4 frilled lizards
  7 goblins
  32 kobolds
  A leopard gecko zombie (D:7)
  3 rats
392 creatures vanquished.

Vanquished Creatures (collateral kills)
  A wyvern (D:12)
1 creature vanquished.

Vanquished Creatures (others)
  A yak (D:10)
1 creature vanquished.

Grand Total: 394 creatures vanquished

Notes
Turn   | Place    | Note
-------+----------+-------------------------------------------
     0 | D:1      | Johnny the Demigod Earth Elementalist began the quest for
                  | the Orb.
     0 | D:1      | Reached XP level 1. HP: 14/14 MP: 5/5
   427 | D:1      | Reached skill level 3 in Earth Magic
   486 | D:1      | Reached XP level 2. HP: 13/22 MP: 2/7
   906 | D:2      | Reached skill level 1 in Fighting
   906 | D:2      | Reached XP level 3. HP: 15/28 MP: 2/8
  1008 | D:2      | Noticed Sigmund
  1121 | D:2      | Killed Sigmund
  1121 | D:2      | Reached skill level 4 in Earth Magic
  1121 | D:2      | Reached XP level 4. HP: 18/36 MP: 1/11
  1121 | D:2      | Reached XP level 5. HP: 20/41 MP: 1/12
  1549 | D:2      | Found a white marble altar of Elyvilon.
  1862 | D:2      | Found an ancient bone altar of Kikubaaqudgha.
  1867 | D:2      | Reached XP level 6. HP: 29/50 MP: 13/13
  1868 | D:2      | Reached skill level 5 in Earth Magic
  1982 | D:2      | Found a runed translucent door.
  1983 | D:2      | Noticed Crazy Yiuf
  2080 | D:2      | Learned a level 3 spell: Stone Arrow
  2086 | D:2      | Killed Crazy Yiuf
  2630 | D:3      | Found Zin's Purification Station.
  2635 | D:3      | Found a glowing silver altar of Zin.
  2844 | D:3      | Found an iron altar of Okawaru.
  3012 | D:4      | Got a crude quarterstaff
  3013 | D:4      | Identified the +4 quarterstaff of Munum {freeze, +Rage
                  | rPois rF++ rC- Int+4} (You found it on level 4 of the
                  | Dungeon)
  3017 | D:4      | Found a radiant altar of Vehumet.
  3017 | D:4      | Found a shimmering blue altar of Sif Muna.
  3155 | D:4      | Reached XP level 7. HP: 57/57 MP: 15/15
  3200 | D:4      | Reached skill level 6 in Earth Magic
  4085 | D:5      | Entered Level 5 of the Dungeon
  4388 | D:5      | Learned a level 5 spell: Lee's Rapid Deconstruction
  4393 | D:5      | Learned a level 4 spell: Petrify
  4414 | D:5      | Reached skill level 7 in Earth Magic
  4414 | D:5      | Reached XP level 8. HP: 29/66 MP: 15/18
  5380 | D:6      | Found a glowing golden altar of the Shining One.
  5383 | D:6      | Found a staircase to the Ecumenical Temple.
  5446 | D:6      | Reached skill level 5 in Fighting
  5593 | D:6      | Reached skill level 5 in Spellcasting
  5824 | D:6      | Reached skill level 8 in Earth Magic
  6052 | D:6      | Found an ornate altar of the Wu Jian Council.
  6086 | D:6      | Found a shimmering altar of Xom.
  6117 | D:6      | Reached XP level 9. HP: 74/74 MP: 20/20
  6659 | D:7      | Found a burning altar of Makhleb.
  6825 | D:7      | Reached skill level 9 in Earth Magic
  6960 | D:7      | Noticed Joseph
  6965 | D:7      | Killed Joseph
  7408 | D:8      | Found Jozetz's General Store.
  7416 | D:8      | Bought a potion of heal wounds for 60 gold pieces
  7416 | D:8      | Bought a scroll of identify for 24 gold pieces
  7448 | D:8      | Found Maump's Gadget Emporium.
  7467 | D:8      | Found Ricek's Weapon Shop.
  7561 | D:8      | Reached XP level 10. HP: 70/84 MP: 5/23
  7562 | D:8      | Reached skill level 5 in Dodging
  7605 | D:8      | Found a blossoming altar of Fedhas.
  7630 | D:8      | Found Zijutozoug's Food Emporium.
  7941 | D:8      | Got a pair of fine boots
  7947 | D:8      | Identified the +0 pair of boots of Xiobadicw {+Inv rCorr}
                  | (You found it on level 8 of the Dungeon)
  7972 | D:8      | Found Zummiule's Weapon Shop.
  7980 | D:8      | Bought 19 stones for 26 gold pieces
  7980 | D:8      | Bought 20 stones for 28 gold pieces
  8329 | D:9      | Reached skill level 10 in Earth Magic
  8459 | D:9      | Found a staircase to the Orcish Mines.
  8527 | D:9      | Noticed Erolcha
  8538 | D:9      | Killed Erolcha
  8793 | D:9      | Found a basalt altar of Yredelemnul.
  8942 | D:9      | Found a sacrificial altar of Ru.
  8942 | D:9      | Found a snail-covered altar of Cheibriados.
  9052 | D:9      | Found a staircase to the Lair.
  9477 | D:10     | Entered Level 10 of the Dungeon
  9809 | D:10     | Noticed a wizard
  9812 | D:10     | Killed a wizard
  9873 | D:10     | Noticed a wizard
  9877 | D:10     | Killed a wizard
  9915 | D:10     | Noticed a wizard
  9920 | D:10     | Killed a wizard
  9920 | D:10     | Reached XP level 11. HP: 78/92 MP: 8/25
  9986 | D:10     | Reached skill level 11 in Earth Magic
 10188 | D:10     | Found Vigrorie's Assorted Antiques.
 10196 | D:10     | Bought a potion of lignification for 108 gold pieces
 10196 | D:10     | Bought a scroll of identify for 72 gold pieces
 10196 | D:10     | Bought a scroll of identify for 72 gold pieces
 10196 | D:10     | Bought a potion of heal wounds for 180 gold pieces
 10444 | D:10     | Found Wompan's Weapon Shoppe.
 10918 | D:11     | Noticed an obsidian statue
 10920 | D:11     | Killed an obsidian statue
 11243 | D:11     | Got a slimy leather armour
 11244 | D:11     | Identified the cursed +1 leather armour "Fumuhas" {Regen+
                  | SInv} (You found it on level 11 of the Dungeon)
 11502 | D:11     | Noticed a two-headed ogre
 11510 | D:11     | Killed a two-headed ogre
 12165 | D:12     | Learned a level 6 spell: Statue Form
 12183 | D:12     | Noticed Jorgrun
 12183 | D:12     | Noticed a centaur warrior
 12196 | D:12     | Killed a centaur warrior
 12507 | D:13     | Reached skill level 12 in Earth Magic
 12889 | D:13     | Noticed Josephine
 13058 | D:13     | Killed Josephine
 13058 | D:13     | Reached XP level 12. HP: 103/103 MP: 3/28
 13352 | D:13     | Found a gate to the Vaults.
 13855 | D:12     | Found a sacrificial altar of Ru.
 13862 | D:12     | HP: 5/104 [skeletal warrior/+0 mace[a skeletal warrior]
                  | (3)]
 13862 | D:12     | Slain by a skeletal warrior

Levels and vault maps discovered:
D:1:      nicolae_arrival_memento_mori, layout_loops_ring
D:2:      layout_basic, kennysheep_vampire_church,
          nicolae_overflow_crystal_walls, first_ration, grunt_decor_cap,
          minmay_between, uniq_crazy_yiuf_cottage, uniq_sigmund
D:3:      layout_rooms, zin_purify, kennysheep_okawaru_gauntlet
D:4:      kennysheep_kobold_camp, layout_rooms,
          gammafunk_temple_overflow_elements
D:5:      layout_basic
D:6:      layout_basic, lemuel_crystal_altar, kennysheep_mini_moat,
          tso_metal_star, minmay_temple_entry_statues_fountains
D:7:      layout_loops_ring, overflow_temple_1_default, uniq_joseph
D:8:      layout_loops_ring, lemuel_round_altar, serial_shops,
          nicolae_shop_temple_entry_statues_fountains, shop, shop_coins, shop,
          nicolae_shop_trees, hangedman_little_slice_of_home
D:9:      layout_basic, amethyst_overflow_temple_binary, dpeg_oklobed_lair,
          lemuel_tele_altar, uniq_erolcha
D:10:     cheibrodos_wizards_tower, layout_layer_cave, serial_shops, shop,
          nicolae_shop_overgrown_old_shop
D:11:     layout_stronghold, minivault_16
D:12:     layout_irregular_city, nicolae_trove_entry_columns, basic_altar,
          uniq_sonja, uniq_jorgrun
D:13:     layout_irregular_city, david_vaults_1, uniq_josephine
D:14:     layout_rooms, serial_park_tiny_1, grunt_dithmenos_smoke, uniq_roxanne,
          uniq_agnes, uniq_frances

Skill      XL: |  1  2  3  4  5  6  7  8  9 10 11 12 |
---------------+-------------------------------------+-----
Earth Magic    | 3 4 5 7 8 9 10 12 | 12.8
Spellcasting   | 2 3 4 5 6 7 8 |  8.6
Fighting       | 1 2 3 4 5 6 7 8 9 |  9.1
Dodging        | 3 4 6 7 8 |  8.2
Stealth        | |  1.7
Transmutations | |  0.8

Action                   |  1- 3 |  4- 6 |  7- 9 | 10-12 || total
-------------------------+-------+-------+-------+-------++-------
Melee: Unarmed           |     8 |     4 |       |       ||    12
       Scythe            |       |   178 |       |       ||   178
       Quarterstaff      |       |    12 |   278 |   308 ||   598
 Cast: Sandblast         |    39 |     5 |    37 |   157 ||   238
       Stone Arrow       |       |    11 |    17 |    31 ||    59
       Lee's Rapid Decon |       |       |    16 |    42 ||    58
       Petrify           |       |       |     1 |     2 ||     3
 Abil: Evoke Berserk Rag |       |     1 |     2 |       ||     3
Evoke: Wand              |       |       |       |     3 ||     3
  Use: Potion            |       |       |     6 |     2 ||     8
       Scroll            |       |       |     8 |    14 ||    22
 Stab: Sleeping          |       |    10 |     7 |     1 ||    18
  Eat: Chunk             |       |     6 |    17 |    22 ||    45
       Ration            |       |     1 |     1 |     2 ||     4
Armor: Robe              |    10 |   118 |   114 |    72 ||   314
       Skin              |       |       |     8 |       ||     8
       Leather armour    |       |       |       |   101 ||   101
Dodge: Dodged            |    16 |   224 |   277 |   455 ||   972

Table legend:
 A = Non-vault XP
 B = Vault XP
 C = Vault XP percentage of total XP
 D = Non-vault monster count
 E = Vault monster count
 F = Vault count percentage of total count
                 A         B        C        D         E       F
            +---------+---------+-------+---------+---------+-------
      Total |   23805 |    9054 |  27.6 |     330 |      63 |  16.0
            +---------+---------+-------+---------+---------+-------
        D:1 |      28 |       0 |   0.0 |      15 |       0 |   0.0
        D:2 |     109 |     476 |  81.4 |      15 |      17 |  53.1
        D:3 |     123 |       4 |   3.1 |      21 |       2 |   8.7
        D:4 |     457 |     135 |  22.8 |      26 |      21 |  44.7
        D:5 |    1165 |       0 |   0.0 |      32 |       0 |   0.0
        D:6 |    1100 |       0 |   0.0 |      28 |       0 |   0.0
        D:7 |    2164 |     460 |  17.5 |      26 |       1 |   3.7
        D:8 |    1279 |     162 |  11.2 |      25 |       8 |  24.2
        D:9 |     919 |     989 |  51.8 |      20 |       1 |   4.8
       D:10 |    2341 |    2594 |  52.6 |      28 |       4 |  12.5
       D:11 |    4723 |     662 |  12.3 |      40 |       1 |   2.4
       D:12 |    2134 |       0 |   0.0 |      10 |       0 |   0.0
       D:13 |    7263 |    3572 |  33.0 |      44 |       8 |  15.4
            +---------+---------+-------+---------+---------+-------
